 Dungeon Crawl Stone Soup version 0.32-a0-433-g08bcfe7efd (webtiles) character file.

Game seed: 10293740469034855852

606 jasper the Trooper (level 7, -5/58 HPs)
             Began as a Coglin Chaos Knight on Feb 23, 2024.
             Was a Priest of Uskayaw.
             Slain by a gnoll
             ... wielding a +0 halberd
             ... led by a gnoll bouda
              (11 damage)
             ... on level 5 of the Dungeon.
             The game lasted 00:05:45 (3542 turns).

jasper the Trooper (Coglin Chaos Knight)            Turns: 3542, Time: 00:05:45

Health: -5/58      AC:  6    Str: 14    XL:     7   Next: 42%
Magic:  7/7        EV: 11    Int: 11    God:    Uskayaw [***...]
Gold:   259        SH:  5    Dex: 14    Spells: 6/6 levels left

rFire   + .          .
                       - Unarmed
rCold   + . .        (no shield)
rNeg    . . .        a - +2 leather armour
rPois   +            n - +0 helmet
rElec   +            d - scarf {rC+ rF+}
rCorr   .            (no gloves)
SInv    .            (no boots)
Will    .....        q - amulet of reflection
Stlth   +            (no ring)
HPRegen 0.29/turn    (no ring)
MPRegen 0.10/turn

%: reflection, clarity
@: revved
A: off-hand wielding, slow wielding, warmup strikes, legs shutdown, clarity,
poison resistance, electricity resistance
a: Renounce Religion, Stomp, Line Pass


You were on level 5 of the Dungeon.
You worshipped Uskayaw.
Uskayaw was noncommittal.
You visited 1 branch of the dungeon, and saw 5 of its levels.

You collected 259 gold pieces.

Inventory:

Missiles
 e - 32 stones (quivered)
 j - 11 poisoned darts
Armour
 a - a +2 leather armour (worn)
 d - a scarf of resistance (worn)
 n - a +0 helmet (worn)
 w - a scarf of repulsion
Jewellery
 q - an amulet of reflection (around neck)
Talismans
 h - a flux talisman
 o - a blade talisman
Wands
 c - a wand of flame (24)
 l - a wand of mindburst (6)
 m - a wand of roots (11)
Scrolls
 b - a scroll of butterflies
 f - a scroll of poison
 i - 3 scrolls of noise
 u - a scroll of fog
 v - 2 scrolls of vulnerability {unknown}
 x - 2 scrolls of identify
 y - a scroll of amnesia {unknown}
 A - a scroll of fear {unknown}
 B - a scroll of silence {unknown}
 C - a scroll of immolation {unknown}
Potions
 g - a potion of curing {unknown}
 k - 3 potions of lignification
 p - a potion of mutation {unknown}
 r - 2 potions of enlightenment {unknown}
 s - 2 potions of haste {unknown}
 t - a potion of attraction {unknown}
 z - a potion of experience {unknown}


   Skills:
 + Level 6.2 Fighting
 - Level 1.7 Armour
 - Level 0.8 Dodging
 + Level 5.7 Unarmed Combat


You had 6 spell levels left.
You didn't know any spells.
Your spell library contained the following spells:

 Spells                   Type           Power      Damage    Failure   Level
 Apportation              Tloc           0%         N/A       41%         1
 Necrotise                Necr           0%         1d4       41%         1
 Sting                    Conj/Alch      0%         1d3       41%         1
 Summon Small Mammal      Summ           0%         N/A       41%         1
 Cigotuvi's Dreadful Rot  Necr/Alch/Air  0%         N/A       54%         2
 Ensorcelled Hibernation  Hex/Ice        0%         N/A       54%         2
 Hailstorm                Conj/Ice       0%         3d5       78%         3
 Ozocubu's Armour         Ice            0%         N/A       78%         3
 Cause Fear               Hex            0%         N/A       99%         4
 Dispel Undead            Necr           0%         3d6       99%         4
 Martyr's Knell           Necr/Summ      0%         N/A       99%         4
 Fireball                 Conj/Fire      0%         3d3       100%        5
 Death Channel            Necr           0%         N/A       100%        6
 Dragon's Call            Summ           0%         N/A       100%        9
 Polar Vortex             Ice            0%         N/A       100%        9


Dungeon Overview and Level Annotations

Branches:
Dungeon (5/15)
 Temple: D:4-7

Altars:
Ashenzari
Hepliaklqana
Makhleb
Nemelex Xobeh
Okawaru
Uskayaw
Wu Jian
Yredelemnul
Zin


Innate Abilities, Weirdness & Mutations

You can wield a second weapon in your off-hand.
It takes a long time for you to wield or remove held weapons.
Your first few attacks do less damage.
Attacking and casting redirects power from your legs.
You possess an exceptional clarity of mind.
Your system is resistant to poisons. (rPois)
You are resistant to electric shocks. (rElec)


Message History

a +0 whip; a gnoll corpse The gnoll misses you.
A gnoll comes into view. It is wielding a +0 halberd.
You hit the gnoll.
The gnoll is moderately wounded.
The gnoll hits you with a +0 halberd.
You take 4 damage, and have 52/58 hp.
You closely miss the gnoll.
The gnoll is moderately wounded.
The gnoll bouda barks out a call to the hunt!
The gnolls pick up the pace!
You block the gnoll's attack. The gnoll barely misses you.
You punch the gnoll!
The gnoll is severely wounded.
You block the gnoll bouda's attack.
You hit the gnoll.
The gnoll is almost dead.
The gnoll closely misses you. You block the gnoll's attack.
The gnoll bouda hits you with a +0 club.
You take 2 damage, and have 50/58 hp.
You closely miss the gnoll.
The gnoll is almost dead.
The gnoll hits you with a +0 halberd!
The gnoll hits you from afar with a +0 halberd!
The gnoll bouda hits you with a +0 club.
You take 24 damage, and have 26/58 hp.
MASSIVE DAMAGE!!
You barely miss the gnoll.
The gnoll is almost dead.
The gnoll hits you with a +0 halberd!
The gnoll hits you from afar with a +0 halberd.
* * * LOW HITPOINT WARNING * * *
The gnoll bouda barely misses you.
You take 12 damage, and have 14/58 hp.
MASSIVE DAMAGE!!
Okay, then.
You are no longer unable to travel.
The gnoll hits you with a +0 halberd!
* * * LOW HITPOINT WARNING * * *
The gnoll hits you from afar with a +0 halberd!
You die...
Your body falls in perfect tune with the rhythm.

#...†.......†........
#....................
##...................
#...................
#...................
#...................
##..................
#..................
#g@)..#............
#.g†.###...........
...g...............
#......#.).).#......
#...#.##.._..##....
#...... #.).).# ...
....##. ........ ....
## ..###...


You could see a gnoll bouda and 2 gnolls.

Vanquished Creatures
  Sigmund (D:3)
  A phantom (D:5)
  A scorpion (D:4)
  2 hounds (D:5)
  A sleepcap (D:5)
  Ijyb (D:3)
  An iguana (D:5)
  A gnoll (D:5)
  7 adders
  3 ribbon worms
  4 dart slugs
  4 orcs
  8 ball pythons
  8 bats
  9 endoplasms
  4 giant cockroaches
  8 goblins
  7 hobgoblins
  5 jackals
  2 frilled lizards
  4 kobolds
  7 rats
89 creatures vanquished.

Notes
Turn   | Place    | Note
-------+----------+-------------------------------------------
     0 | D:1      | jasper the Coglin Chaos Knight began the quest for the Orb.
     0 | D:1      | Reached XP level 1. HP: 18/18 MP: 1/1
    84 | D:1      | XOM: silly message
    92 | D:1      | XOM: potion effect (attraction)
   103 | D:1      | Reached XP level 2. HP: 16/24 MP: 2/2
   226 | D:1      | XOM: silly message
   347 | D:1      | XOM: silly message
   377 | D:1      | XOM: silly message
   581 | D:1      | Reached XP level 3. HP: 29/29 MP: 3/3
   941 | D:2      | XOM: cast spell 'Summon Small Mammal'
   959 | D:2      | XOM: silly message
  1054 | D:2      | Found a hide-covered altar of Uskayaw.
  1061 | D:2      | Fell from the grace of Xom
  1061 | D:2      | Became a worshipper of Uskayaw the Reveller
  1161 | D:2      | Reached * piety under Uskayaw
  1289 | D:2      | Reached ** piety under Uskayaw
  1291 | D:2      | Reached skill level 4 in Fighting
  1291 | D:2      | Reached XP level 4. HP: 37/37 MP: 4/4
  1843 | D:3      | Noticed Sigmund
  1856 | D:3      | Killed Sigmund
  1857 | D:3      | Reached skill level 5 in Fighting
  1857 | D:3      | Reached XP level 5. HP: 44/44 MP: 5/5
  1857 | D:3      | Reached XP level 6. HP: 51/51 MP: 6/6
  1898 | D:3      | Noticed Ijyb
  1900 | D:3      | Killed Ijyb
  1978 | D:3      | Found a basalt altar of Yredelemnul.
  1997 | D:3      | Found a hazy altar of Hepliaklqana.
  2027 | D:3      | XOM: 5-stop teleportation journey
  2171 | D:3      | Found a sparkling altar of Nemelex Xobeh.
  2178 | D:3      | Got Kepsant's Textbook on Hoarfrost
  2386 | D:3      | Found a glowing silver altar of Zin.
  2386 | D:3      | Found a hide-covered altar of Uskayaw.
  2387 | D:3      | Found a burning altar of Makhleb.
  2387 | D:3      | Found an ornate altar of the Wu Jian Council.
  2604 | D:4      | Reached *** piety under Uskayaw
  2605 | D:4      | Reached skill level 5 in Unarmed Combat
  2972 | D:4      | XOM: summons 13 hostile demons
  3111 | D:4      | XOM: give mutations
  3111 | D:4      | Gained mutation: You are resistant to electric shocks.
                  | (rElec) [Xom's grace]
  3111 | D:4      | Gained mutation: Your system is resistant to poisons.
                  | (rPois) [Xom's grace]
  3111 | D:4      | Gained mutation: You possess an exceptional clarity of
                  | mind. [Xom's grace]
  3113 | D:5      | Entered Level 5 of the Dungeon
  3189 | D:5      | Reached XP level 7. HP: 44/57 MP: 7/7
  3233 | D:5      | Found a broken altar of Ashenzari.
  3289 | D:5      | Reached skill level 6 in Fighting
  3524 | D:5      | Found an iron altar of Okawaru.
  3542 | D:5      | Slain by a gnoll

Illustrated notes

Levels and vault maps discovered:
D:1:      ncdulo_lavacross, layout_loops_ring, minmay_misc_feat_secret_circle
D:2:      layout_loops_ring, basic_altar, nrook_mini_backslash,
          amcnicky_mini_corridor_feature, minmay_box_of_dots
D:3:      layout_basic, mainiacjoe_overflow_paths, grunt_temple_overflow_open,
          uniq_ijyb, uniq_sigmund
D:4:      layout_rooms, nicolae_titane
D:5:      layout_layer_cave, okawaru_ov_weapons_minmay, lemuel_doored_altar,
          kennysheep_windowed_goal

Skill      XL: |  1  2  3  4  5  6  7 |
---------------+----------------------+-----
Unarmed Combat | 3 4 5 |  5.7
Fighting       | 4 5 6 |  6.2
Armour         | |  1.7
Dodging        | |  0.8

Action                     |  1- 3 |  4- 6 |  7- 9 || total
---------------------------+-------+-------+-------++-------
  Melee: Unarmed           |   152 |   159 |    69 ||   380
         Punch             |     5 |     3 |     2 ||    10
  Throw: Dart              |       |     1 |       ||     1
  Evoke: Wand              |       |     5 |       ||     5
    Use: Scroll            |     3 |     4 |       ||     7
         Potion            |       |     2 |       ||     2
   Stab: Paralysed         |       |     3 |     1 ||     4
 Armour: Leather armour    |    82 |    94 |    43 ||   219
         Skin              |       |    20 |       ||    20
  Dodge: Dodged            |    74 |    62 |    38 ||   174
  Block: Other             |       |    25 |    18 ||    43

Table legend: (Time is in decaauts)
 A = Elapsed time spent in this place.
 B = Non-inter-level travel time spent in this place.
 C = Inter-level travel time spent in this place.
 D = Time resting spent in this place.
 E = Time spent auto-exploring this place.
 F = Levels seen in this place.
 G = Mean time per level.
                   A        B        C        D        E       F      G
               +--------+--------+--------+--------+--------+-----+--------+
         Total |   3512 |   3426 |     86 |    262 |   2287 |   5 |  702.4 |
       Dungeon |   3512 |   3426 |     86 |    262 |   2287 |   5 |  702.4 |
               +--------+--------+--------+--------+--------+-----+--------+

Top non-repeatable levels by time:
     D:2: 917 daAuts
     D:1: 883 daAuts
     D:3: 768 daAuts
     D:4: 522 daAuts
     D:5: 420 daAuts
